 Dungeon Crawl Stone Soup version 0.30.1-11-g7821555f0a (webtiles) character file.

Game seed: 13043442846772889552

819 Panamasi the Cudgeller (level 7, 0/51 HPs)
             Began as a Mummy Reaver on Dec 11, 2023.
             Was an Initiate of Gozag.
             Killed by divine providence
             ... invoked by an orc priest
              (10 damage)
             ... on level 6 of the Dungeon.
             The game lasted 00:18:05 (6003 turns).

Panamasi the Cudgeller (Mummy Reaver)               Turns: 6003, Time: 00:18:07

Health: 0/51       AC:  4    Str: 15    XL:     7   Next: 63%
Magic:  12/12      EV: 11    Int: 15    God:    Gozag
Gold:   25         SH:  0    Dex: 10    Spells: 4/13 levels left

rFire   . . .        a - +0 mace (flame)
rCold   + . .        (no shield)
rNeg    + + +        b - +1 leather armour
rPois   ∞            (no helmet)
rElec   .            (no cloak)
rCorr   .            (no gloves)
SInv    .            (no boots)
Will    .....        (no amulet)
Stlth   +            i - ring of protection from fire
HPRegen 0.28/turn    (no ring)
MPRegen 0.13/turn

%: faith
@: no status effects
A: cold resistance 1, negative energy resistance 3, torment resistance 2, heat
vulnerability 1, in touch with death 1, no potions, faith
a: Renounce Religion, Potion Petition, Call Merchant, Bribe Branch


You were on level 6 of the Dungeon.
You worshipped Gozag.
Gozag was noncommittal.
You visited 2 branches of the dungeon, and saw 7 of its levels.

You collected 707 gold pieces.
You paid 682 gold pieces to Gozag.

Inventory:

Hand Weapons
 a - a +0 mace of flaming (weapon)
Missiles
 d - 4 datura-tipped darts (quivered)
 g - 9 boomerangs
Armour
 b - a +1 leather armour (worn)
 m - the +7 chain mail "Qynleudeph" {rN+}
   (You found it on level 5 of the Dungeon)

   rN:        It protects you from negative energy.
Jewellery
 h - a ring of willpower
 i - a ring of protection from fire (left hand)
Wands
 c - a wand of mindburst (18)
 e - a wand of digging (11)
Scrolls
 f - a scroll of vulnerability
 k - a scroll of poison
 l - a scroll of amnesia


   Skills:
 * Level 2.9 Fighting
 * Level 4.0 Maces & Flails
 * Level 1.0 Throwing
 * Level 2.0 Armour
 * Level 2.3 Dodging
 * Level 1.7 Stealth
 * Level 3.7 Spellcasting
 * Level 3.1 Conjurations
 * Level 1.8 Necromancy
 * Level 1.3 Translocations
 * Level 1.5 Ice Magic
 * Level 1.1 Earth Magic
 * Level 1.3 Evocations


You had 4 spell levels left.
You knew the following spells:

 Your Spells              Type           Power      Damage    Failure   Level
a - Kiss of Death         Conj/Necr      60%        2d10      9%          1
b - Momentum Strike       Conj/Tloc      18%        3d8       14%         2
c - Hailstorm             Conj/Ice       9%         3d4       26%         3
d - Stone Arrow           Conj/Erth      18%        3d8       28%         3

Your spell library contained the following spells:

 Spells                   Type           Power      Damage    Failure   Level
 Necrotise                Necr           48%        1d6       11%         1
 Apportation              Tloc           12%        N/A       13%         1
 Sandblast                Erth           12%        2d6       14%         1
 Summon Small Mammal      Summ           8%         N/A       22%         1
 Passwall                 Tmut/Erth      3%         N/A       26%         2
 Portal Projectile        Hex/Tloc       8%         N/A       45%         3
 Tukima's Dance           Hex            2%         N/A       56%         3
 Blade Hands              Tmut           Unusable   N/A       N/A         5

Dungeon Overview and Level Annotations

Branches:
Dungeon (6/15)             Temple (1/1) D:4

Altars:
Ashenzari
Cheibriados
Fedhas
Gozag
Hepliaklqana
Kikubaaqudgha
Makhleb
Nemelex Xobeh
Ru
Sif Muna
Trog
Uskayaw
Vehumet
Xom


Innate Abilities, Weirdness & Mutations

You are immune to poison.
Your flesh is cold resistant. (rC+)
You are immune to negative energy. (rN+++)
You are immune to unholy pain and torment.
You are vulnerable to heat. (rF-)
You are in touch with the powers of death.
You do not drink.
You have a special connection with the divine. (Faith)


Message History

Press: ? - help, Shift-Dir - straight line, f/p - sky beast
Aim: a sky beast (moderately wounded, chance to affect: 70%)
The sky beast's mind is blasted!!
You blow up the sky beast!
Your Maces & Flails skill increases to level 4!
Your Throwing skill increases to level 1!
Your Armour skill increases to level 2!
Aiming: Mindburst
Press: ? - help, Shift-Dir - straight line, f - orc priest
Aim: an orc priest, wielding a +0 falchion (chance to affect: 70%) Nothing appears to happen.
The orc priest is distracted by your dazzling golden aura.
Something hits you but does no damage.
Deactivating autopickup; reactivate with Ctrl-A.
You miss something. Something hits you but does no damage.
You barely miss something. Something hits you.
* * * LOW HITPOINT WARNING * * *
Something hits you but does no damage.
Aiming: Mindburst
Press: ? - help, Shift-Dir - straight line, f/p - orc priest
Aim: an orc priest, wielding a +0 falchion (unaware, hasn't noticed you, chance to affect: 70%) Nothing appears to happen.
The orc priest shouts!
Something hits you.
* * * LOW HITPOINT WARNING * * *
You barely miss something.
The orc priest is no longer distracted by gold.
Something hits you but does no damage.
You barely miss something. Something hits you but does no damage.
You miss something. Something hits you.
* * * LOW HITPOINT WARNING * * *
You hit something. You burn something. Something hits you but does no damage.
You hit something. You burn something. Something hits you.
* * * LOW HITPOINT WARNING * * *
You hear some strange, mumbled words.
Something tries to affect you, but you resist.
The orc priest invokes the aid of Beogh against you.
Beogh smites you!
You die...
Your body crumbles into a pile of gold.

#.. #. #..##.
#h... ###
#...###..
#...##.#
#.o##.# #h##.#
.. #{##.# ##.##
#@##.###.....
#..........#
#..##)##.###
#..##.# .#
#..##.##.####..
##.##.#........
#.##....#
..####.###
#####.....#
#...


You could see a black bear and an orc priest.

Vanquished Creatures
  A sky beast (D:6)
  A phantom (D:5)
  2 scorpions (D:4)
  A howler monkey (D:4)
  A hound (D:6)
  An orc priest (D:5)
  A gnoll bouda (D:3)
  A jelly (D:5)
  3 iguanas
  2 orc wizards (D:5)
  A gnoll (D:1)
  12 adders
  A white imp (D:5)
  3 worms
  2 dart slugs (D:4)
  10 orcs
  7 ball pythons
  4 bats
  4 endoplasms
  3 giant cockroaches
  10 goblins
  7 hobgoblins
  6 jackals
  4 kobolds
  4 quokkas
  9 frilled lizards
  11 rats
112 creatures vanquished.

Vanquished Creatures (collateral kills)
  An orc (D:3)
  A jackal (D:1)
2 creatures vanquished.

Vanquished Creatures (others)
  An orc (D:3)
1 creature vanquished.

Grand Total: 115 creatures vanquished

Notes
Turn   | Place    | Note
-------+----------+-------------------------------------------
     0 | D:1      | Panamasi the Mummy Reaver began the quest for the Orb.
     0 | D:1      | Reached XP level 1. HP: 16/16 MP: 4/4
    21 | D:1      | Reached XP level 2. HP: 2/22 MP: 3/5
   122 | D:2      | Learned a level 2 spell: Momentum Strike
   332 | D:2      | Gained mutation: You are in touch with the powers of death.
                  | [Mummy growth]
   332 | D:2      | Reached XP level 3. HP: 16/25 MP: 4/7
   362 | D:2      | Learned a level 3 spell: Hailstorm
   980 | D:3      | Reached XP level 4. HP: 33/33 MP: 3/8
  1012 | D:3      | Learned a level 3 spell: Stone Arrow
  1069 | D:3      | Reached skill level 3 in Maces & Flails
  1408 | D:4      | Reached skill level 1 in Necromancy
  1426 | D:4      | Reached XP level 5. HP: 35/38 MP: 6/9
  1438 | D:4      | Reached skill level 1 in Armour
  1594 | D:4      | Reached skill level 1 in Stealth
  1750 | D:4      | Found a staircase to the Ecumenical Temple.
  1758 | D:4      | Reached XP level 6. HP: 23/45 MP: 3/10
  1855 | Temple   | Entered the Ecumenical Temple
  1866 | Temple   | Became a worshipper of Gozag Ym Sagoz the Greedy
  1930 | D:4      | Reached skill level 1 in Translocations
  1930 | D:4      | Reached skill level 1 in Evocations
  4180 | D:1      | Found a faded altar of an unknown god.
  4678 | D:5      | Entered Level 5 of the Dungeon
  4703 | D:5      | Reached skill level 1 in Ice Magic
  4963 | D:5      | Reached XP level 7. HP: 51/51 MP: 12/12
  5138 | D:5      | Reached skill level 1 in Earth Magic
  5575 | D:5      | Found a bloodstained altar of Trog.
  5654 | D:5      | Identified the +7 chain mail "Qynleudeph" {rN+}
  5995 | D:6      | Reached skill level 4 in Maces & Flails
  5995 | D:6      | Reached skill level 1 in Throwing
  6003 | D:6      | Killed from afar by an orc priest

Illustrated notes

Levels and vault maps discovered:
D:1:      dpeg_arrival_simpleton_b, layout_basic, ebering_ecumenical_altar_rust,
          roderic_roman_lattice, nicolae_concentric_dashed_squares_mild
D:2:      layout_basic, minivault_5
D:3:      kb_forest_paths, layout_loops_corners, minmay_hedge_maze, st_stairs_9,
          minmay_misc_feat_columns
D:4:      layout_basic, temple_pool_b
D:5:      layout_basic, trog_butcher_becter, elyvilon_altar_3
D:6:      layout_loops_cross, nicolae_qazlal_scattered_showers,
          lightli_sewer_entry_pipes, minivault_26, hangedman_decor_peaks_small,
          minmay_crystal_room
Temple:   hellmonk_temple_two_chambers

Skill      XL: |  1  2  3  4  5  6  7 |
---------------+----------------------+-----
Spellcasting   | 3 |  3.7
Maces & Flails | 3 4 |  4.0
Necromancy     | 1 |  1.8
Armour         | 1 2 |  2.0
Dodging        | 2 |  2.3
Stealth        | 1 |  1.7
Conjurations   | 3 |  3.1
Translocations | 1 |  1.3
Evocations     | 1 |  1.3
Ice Magic      | 1 |  1.5
Earth Magic    | 1 |  1.1
Throwing       | 1 |  1.0
Fighting       | |  2.9

Action                     |  1- 3 |  4- 6 |  7- 9 || total
---------------------------+-------+-------+-------++-------
  Melee: Mace              |    66 |   193 |    98 ||   357
         Punch             |     1 |     1 |     2 ||     4
  Throw: Dart              |       |     3 |     1 ||     4
   Cast: Kiss of Death     |     2 |     3 |       ||     5
         Momentum Strike   |     4 |    12 |     4 ||    20
 Invoke: Potion Petition   |       |       |     2 ||     2
  Evoke: Wand              |       |     4 |     4 ||     8
    Use: Scroll            |       |    10 |     1 ||    11
   Stab: Sleeping          |       |     4 |       ||     4
 Armour: Leather armour    |    12 |    49 |    32 ||    93
  Dodge: Dodged            |    36 |   130 |    56 ||   222
